 Dungeon Crawl Stone Soup version 0.30.0-5-g1a98f26d00 (webtiles) character file.

Game seed: 3251754159431050952

2378 SnakkuSnakku7 the Transmogrifier (level 9, -2/58 (62) HPs)
             Began as a Deep Elf Transmuter on May 11, 2023.
             Was an Initiate of Cheibriados.
             Slain by a wight
             ... wielding a +5 dire flail of freezing
              (4 damage)
             ... on level 7 of the Dungeon.
             The game lasted 00:09:40 (5654 turns).

SnakkuSnakku7 the Transmogrifier (DETm)             Turns: 5654, Time: 00:09:40

HP:   -2/58 (62)    AC:  9    Str:  8    XL:     9   Next: 21%
MP:   12/15         EV: 10    Int: 30    God:    Cheibriados [......]
Gold: 341           SH:  0    Dex: 16    Spells: 4/14 levels left

rFire   x .          .
                       - Unarmed
rCold   + + +        (shield currently unavailable)
rNeg    . . .        a - melded +0 robe
rPois   +            (helmet currently unavailable)
rElec   .            (cloak currently unavailable)
rCorr   +            b - melded +0 pair of gloves
SInv    .            x - melded +2 pair of boots "Utyshrats" {rN+}
Will    .....        (no amulet)
Stlth   +            m - +6 ring of intelligence
HPRegen 0.29/turn    o - ring of resist corrosion
MPRegen 0.14/turn

%: no passive effects
@: ice-form, wereblooded, drained, very slow
A: freezing attack, amphibious, boosted hp, large
a: End Transformation, Renounce Religion


You were on level 7 of the Dungeon.
You worshipped Cheibriados.
Cheibriados was noncommittal.
You were a creature of crystalline ice.
You visited 2 branches of the dungeon, and saw 8 of its levels.

You collected 341 gold pieces.

Inventory:

Missiles
 q - 3 throwing nets
Armour
 a - a +0 robe (melded)
 b - a +0 pair of gloves (melded)
 k - a +0 buckler
 p - the +5 chain mail of Bitterness {rF++}
   (You found it on level 7 of the Dungeon)

   rF:        It greatly protects you from fire.
 x - the +2 pair of boots "Utyshrats" (melded) {rN+}
   (You found it on level 7 of the Dungeon)

   rN:        It protects you from negative energy.
Jewellery
 m - a +6 ring of intelligence (left front paw)
 o - a ring of resist corrosion (right front paw)
 t - a ring of protection from cold
 y - a ring of flight
Wands
 g - a wand of flame (7)
Scrolls
 c - a scroll of enchant armour
 d - a scroll of poison {unknown}
 e - a scroll of amnesia {unknown}
 f - a scroll of enchant weapon {unknown}
 j - 3 scrolls of immolation {unknown}
 r - a scroll of fear {unknown}
 s - a scroll of magic mapping {unknown}
 u - 2 scrolls of fog {unknown}
 v - a scroll of silence {unknown}
 w - a scroll of vulnerability {unknown}
Potions
 h - a potion of haste
 i - a potion of ambrosia
 l - a potion of curing
 n - 2 potions of flight


   Skills:
 - Level 4.0 Fighting
 - Level 2.4 Dodging
 + Level 7.2 Unarmed Combat
 - Level 3.0 Spellcasting
 - Level 8.0 Transmutations
 - Level 4.0 Ice Magic


You had 4 spell levels left.
You knew the following spells:

 Your Spells              Type           Power      Damage    Failure   Level
a - Beastly Appendage     Tmut           100%       N/A       1%          1
b - Wereblood             Tmut           51%        N/A       1%          2
c - Spider Form           Tmut/Pois      28%        N/A       4%          3
d - Ice Form              Ice/Tmut       40%        N/A       6%          4

Your spell library contained the following spells:

 Spells                   Type           Power      Damage    Failure   Level
 Sublimation of Blood     Necr           4%         N/A       11%         2
 Petrify                  Tmut/Erth      28%        N/A       14%         4
 Call Canine Familiar     Summ           4%         N/A       22%         3
 Portal Projectile        Hex/Tloc       8%         N/A       22%         3
 Leda's Liquefaction      Hex/Erth       2%         N/A       56%         4
 Irradiate                Conj/Tmut      14%        3d16      36%         5
 Borgnjor's Revivificati  Necr           2%         N/A       100%        8
 Necromutation            Tmut/Necr      14%        N/A       100%        8
 Death's Door             Necr           2%         N/A       100%        9


Dungeon Overview and Level Annotations

Branches:
Dungeon (7/15)             Temple (1/1) D:6

Altars:
Cheibriados
Dithmenos
Elyvilon
Fedhas
Gozag
Makhleb
Nemelex Xobeh
Okawaru
Qazlal
Sif Muna
Vehumet
Xom
Yredelemnul
Zin

Annotations:
D:3 1 runed translucent door, Edyrem's ghost, amateur DEEE


Message History

a +0 morningstar; a +0 robe; a scorpion corpse You howl as the wereblood boils in your veins!
You hear an angry growl.
You howl as the wereblood boils in your veins!
The black bear growls angrily.
A wight comes into view.
It is wielding a +5 dire flail of freezing.
A wight comes into view. It is wielding a +3 dagger.
You punch the black bear! You freeze the black bear.
The black bear is moderately wounded.
The black bear bites you. The black bear barely misses you.
The black bear closely misses you.
You pummel the black bear!! You freeze the black bear.
You feel a bit better.
You kill the black bear!
Cheibriados appreciates the change of pace.
A wight comes into view. It is wielding a +4 long sword.
You barely miss the wight.
The wight hits you with a +5 dire flail of freezing!
You punch the wight! You freeze the wight.
The wight is almost destroyed.
The wight hits you with a +3 dagger!
The wight hits you with a +5 dire flail of freezing!
You feel drained.
* * * LOW HITPOINT WARNING * * *
The wight freezes you.
* * * LOW HITPOINT WARNING * * *
You are too injured to fight recklessly!
Okay, then.
Okay, then.
You punch the wight!
You feel a bit better.
You destroy the wight!
Cheibriados appreciates the change of pace.
The wight barely misses you.
You hit the wight.
The wight is moderately damaged.
You punch the wight!
The wight is almost destroyed.
The wight hits you with a +5 dire flail of freezing!
* * * LOW HITPOINT WARNING * * *
You feel drained.
You die...

#........#..##
#....###.......#
#....##...######
##.......##
#.####.##
#)#.##.#### +
#.........#
#..###.)...#.
#..†.Yzz..#
#..>....$.#
#.####.#..... #
.####.# .. # ###


You could see 2 wights.

Vanquished Creatures
  Sigmund (D:6)
  Duvessa (D:6)
  An orc warrior (D:7)
  A sky beast (D:6)
  4 black bears
  An ogre (D:7)
  2 centaurs
  A bullfrog (D:7)
  2 scorpions (D:7)
  7 wights
  Dowan (D:6)
  An electric eel (D:6)
  7 hounds
  3 orc priests
  A jelly (D:6)
  4 iguanas
  4 orc wizards
  2 adders
  A gnoll (D:4)
  A shadow imp (D:6)
  3 white imps
  A dart slug (D:1)
  2 worms (D:3)
  15 orcs
  7 ball pythons
  5 bats
  12 endoplasms
  6 giant cockroaches
  7 goblins
  7 hobgoblins
  10 kobolds
  3 quokkas
  2 frilled lizards
  5 rats
131 creatures vanquished.

Notes
Turn   | Place    | Note
-------+----------+-------------------------------------------
     0 | D:1      | SnakkuSnakku7 the Deep Elf Transmuter began the quest for
                  | the Orb.
     0 | D:1      | Reached XP level 1. HP: 11/11 MP: 6/6
    22 | D:1      | You fall into a shaft and drop 1 floor!
   190 | D:1      | Reached XP level 2. HP: 14/16 MP: 5/8
   473 | D:1      | Reached skill level 3 in Transmutations
   612 | D:1      | Learned a level 2 spell: Wereblood
   702 | D:1      | Reached XP level 3. HP: 20/20 MP: 7/9
  1472 | D:3      | Learned a level 3 spell: Spider Form
  1565 | D:3      | Found a sparkling altar of Nemelex Xobeh.
  1677 | D:3      | Reached XP level 4. HP: 8/24 MP: 10/10
  1885 | D:3      | Found a runed translucent door.
  1886 | D:3      | Noticed Edyrem's ghost (amateur DEEE)
  2099 | D:4      | Found a burning altar of Makhleb.
  2111 | D:3      | Reached skill level 4 in Transmutations
  2176 | D:4      | Reached XP level 5. HP: 22/28 MP: 9/11
  2413 | D:4      | Reached skill level 5 in Transmutations
  2418 | D:4      | Reached XP level 6. HP: 19/33 MP: 9/12
  2433 | D:4      | Learned a level 4 spell: Ice Form
  2521 | D:4      | Reached skill level 1 in Ice Magic
  2615 | D:4      | Reached skill level 6 in Transmutations
  2679 | D:4      | Reached XP level 7. HP: 15/37 MP: 7/13
  2836 | D:4      | Found an iron altar of Okawaru.
  2899 | D:5      | Entered Level 5 of the Dungeon
  2899 | D:5      | Found an opulent altar of Gozag.
  3217 | D:5      | Reached skill level 7 in Transmutations
  4158 | D:6      | Noticed Duvessa
  4213 | D:6      | Noticed Dowan
  4234 | D:6      | Killed Duvessa
  4235 | D:6      | Reached skill level 8 in Transmutations
  4235 | D:6      | Reached skill level 1 in Fighting
  4235 | D:6      | Reached XP level 8. HP: 16/43 MP: 11/14
  4237 | D:6      | Killed Dowan
  4237 | D:6      | HP: 1/51 [sky beast (6)]
  4626 | D:6      | Found a radiant altar of Vehumet.
  4686 | D:6      | Found a staircase to the Ecumenical Temple.
  4693 | Temple   | Entered the Ecumenical Temple
  4737 | Temple   | Became a worshipper of Cheibriados the Contemplative
  4904 | D:6      | Noticed Sigmund
  4914 | D:6      | Killed Sigmund
  4915 | D:6      | Reached skill level 5 in Unarmed Combat
  5350 | D:7      | Reached XP level 9. HP: 30/52 MP: 10/15
  5459 | D:7      | Identified the +2 pair of boots "Utyshrats" {rN+}
  5502 | D:7      | Identified the +5 chain mail of Bitterness {rF++}
  5654 | D:7      | HP: 2/61 [wight/+5 dire flail of freezing (15)]
  5654 | D:7      | Slain by a wight

Illustrated notes

Levels and vault maps discovered:
D:1:      dpeg_chamrin_arrival_tetris, layout_basic
D:2:      layout_basic
D:3:      layout_rooms, mainiacjoe_overflow_alcove_1,
          ebering_ghost_reflecting_pool, minmay_box_of_dots
D:4:      layout_rooms, okawaru_altar_gauntlet_db, mainiacjoe_overflow_chevrons
D:5:      layout_basic, nicolae_gozag_cash_rules_everything_around_me,
          kennysheep_pointless_box
D:6:      layout_gridville, kennysheep_mini_moat, temple_fountains,
          serial_bayou_pond_c, dreamdust_princess_bridge, uniq_sigmund,
          uniq_duvessa
D:7:      layout_basic, mainiacjoe_overflow_concentric_impassable
Temple:   kb_temple_of_zot

Skill      XL: |  1  2  3  4  5  6  7  8  9 |
---------------+----------------------------+-----
Transmutations | 3 4 5 6 8 |  8.0
Unarmed Combat | 3 4 6 7 |  7.2
Ice Magic      | 2 4 |  4.0
Fighting       | 1 4 |  4.0
Dodging        | |  2.4
Spellcasting   | |  3.0

Action                     |  1- 3 |  4- 6 |  7- 9 || total
---------------------------+-------+-------+-------++-------
  Melee: Unarmed           |   132 |   105 |   230 ||   467
         Headbutt          |    14 |    15 |     5 ||    34
         Kick              |    28 |    35 |     3 ||    66
         Punch             |       |       |     4 ||     4
   Cast: Beastly Appendage |    22 |    11 |     3 ||    36
         Wereblood         |     2 |     8 |     5 ||    15
         Ice Form          |       |     1 |    11 ||    12
         Spider Form       |       |       |     1 ||     1
    Use: Potion            |     2 |     2 |     1 ||     5
         Scroll            |       |     5 |     3 ||     8
   Stab: Sleeping          |     3 |       |       ||     3
 Armour: Robe              |    30 |     7 |    29 ||    66
         Skin              |     5 |     7 |    74 ||    86
  Dodge: Dodged            |    78 |    54 |   133 ||   265
